 Dungeon Crawl Stone Soup version 0.30.0-29-ga12c61a403 (webtiles) character file.

Game seed: 13277997035733104176

32 hawla the Firebug (level 3, 0/26 HPs)
             Began as a Meteoran Fire Elementalist on June 12, 2023.
             Succumbed to a scorpion's poison
             ... on level 4 of the Dungeon.
             The game lasted 00:02:07 (430 turns).

hawla the Firebug (Meteoran Fire Elementalist)       Turns: 430, Time: 00:02:07

Health: 0/26       AC:  3    Str:  9    XL:     3   Next: 64%
Magic:  4/8        EV: 12    Int: 19    God:
Gold:   30         SH:  0    Dex: 14    Spells: 5/8 levels left

rFire   . . .        (no weapon)
rCold   . . .        (no shield)
rNeg    . . .        a - +0 robe
rPois   .            d - +0 helmet
rElec   .            (no cloak)
rCorr   .            (no gloves)
SInv    .            (no boots)
Will    .....        (no amulet)
Stlth   +            (no ring)
HPRegen 0.24/turn    (no ring)
MPRegen 0.11/turn

%: no passive effects
@: lethally poisoned (0 -> -9), glowing
A: sense surroundings 1, otherworldly, glowing, explore regen
a: no special abilities


You were on level 4 of the Dungeon.
You visited 1 branch of the dungeon, and saw 4 of its levels.

You collected 30 gold pieces.

Inventory:

Armour
 a - a +0 robe (worn)
 d - a +0 helmet (worn)
Potions
 c - a potion of attraction


   Skills:
 + Level 2.7 Dodging
 - Level 1.4 Stealth
 + Level 3.2 Spellcasting
 + Level 1.4 Conjurations
 + Level 4.6 Fire Magic


You had 5 spell levels left.
You knew the following spells:

 Your Spells              Type           Power      Damage    Failure   Level
a - Foxfire               Conj/Fire      56%        2x1d6     4%          1
b - Scorch                Fire           40%        2d7       3%          2

Your spell library contained the following spells:

 Spells                   Type           Power      Damage    Failure   Level
 Inner Flame              Hex/Fire       11%        N/A       17%         3
 Volatile Blastmotes      Fire/Tloc      22%        2d11      17%         3
 Flame Wave               Conj/Fire      14%        2d6       41%         4


Dungeon Overview and Level Annotations

Branches:
Dungeon (4/15) Zot: 1969
 Temple: D:4-7

Altars:


Innate Abilities, Weirdness & Mutations

You passively map a small area around you.
You are easily found by Zot.
You glow in the dark.
You regain HP and MP as you explore.


Message History

Flames lash the scorpion.
The scorpion is heavily wounded.
The scorpion's fire resistance burns away.
The foxfire hits the scorpion.
The scorpion is heavily wounded.
The foxfire hits the scorpion but does no damage.
The scorpion is heavily wounded.
Casting: Scorch (safe; 3% risk of failure)
Confirm with . or Enter, or press ? or * to list all spells.
Flames lash the scorpion but do no damage.
The scorpion stings you.
Unknown command.
Casting: Scorch (safe; 3% risk of failure)
Confirm with . or Enter, or press ? or * to list all spells.
Flames lash the orc.
You kill the orc!
The scorpion completely misses you.
Unknown command.
You aren't carrying any scrolls.
It was a potion of curing.
You feel better.
The scorpion stings you but does no damage. x2
Magic courses through your body. The scorpion stings you.
You are poisoned.
The scorpion poisons you!
A magic dart appears from out of thin air!
The magic dart hits you!
Unknown command.
Casting: Scorch (safe; 3% risk of failure)
Confirm with . or Enter, or press ? or * to list all spells.
Flames lash something.
You feel very sick. The scorpion stings you!
* * * LOW HITPOINT WARNING * * *
Unknown command.
Casting: Scorch (safe; 3% risk of failure)
Confirm with . or Enter, or press ? or * to list all spells.
Flames lash the orc.
The orc is almost dead.
The orc's fire resistance burns away.
You die...

, , , * ..# #.# *
#.# #.# * ##.######
* , #...,,..# ,
#.####.s#* #.#
....o){@####.###
##### ,
#.####.......†.#
##.... *
#.###.##.#.####.....
#.# ##.#.#.........#
, #. #...######..#.#
#,* #.### #.....
#.## #.#### , * ..#*
######.#### * , #.#*
#..........


You could see a scorpion (combustible) and an orc (combustible).

Vanquished Creatures
  2 adders
  A worm (D:2)
  An orc (D:4)
  A ball python (D:2)
  An endoplasm (D:4)
  A hobgoblin (D:3)
  A kobold (D:3)
  A quokka (D:3)
  A frilled lizard (D:3)
  A rat (D:1)
11 creatures vanquished.

Vanquished Creatures (others)
  26 foxfires
26 creatures vanquished.

Grand Total: 37 creatures vanquished

Notes
Turn   | Place    | Note
-------+----------+-------------------------------------------
     0 | D:1      | hawla the Meteoran Fire Elementalist began the quest for
                  | the Orb.
     0 | D:1      | Reached XP level 1. HP: 14/14 MP: 5/5
   135 | D:2      | Reached skill level 4 in Fire Magic
   135 | D:2      | Reached XP level 2. HP: 20/20 MP: 4/6
   138 | D:2      | Learned a level 2 spell: Scorch
   175 | D:3      | Reached XP level 3. HP: 26/26 MP: 3/8
   421 | D:4      | Noticed a scorpion
   430 | D:4      | Succumbed to a scorpion's poison

Illustrated notes

Levels and vault maps discovered:
D:1:      onia_arrival_mini_maze, layout_loops_corners, serial_shops,
          shop_statue, nicolae_figureground_sparkle
D:2:      layout_rooms, serial_shops, shop, serial_undead, serial_undead_b,
          serial_undead_a, serial_undead_c, serial_undead_c, serial_undead_a,
          serial_undead_d, minmay_tree_intersection, dk_vineyard_2,
          grunt_ministairs_11, minmay_diced_spiral, uniq_robin
D:3:      layout_basic, kennysheep_boxes, uniq_natasha, uniq_grinder
D:4:      minmay_skewed_foursquare, layout_loops_cross

Skill      XL: |  1  2 |
---------------+-------+-----
Fire Magic     | 4 |  4.6
Spellcasting   | 3 |  3.2
Dodging        | |  2.7
Stealth        | |  1.4
Conjurations   | |  1.4

Action                     || total
---------------------------++-------
  Melee: Unarmed           ||     1
   Cast: Foxfire           ||    17
         Scorch            ||     7
    Use: Scroll            ||     3
         Potion            ||     2
 Armour: Robe              ||     3
  Dodge: Dodged            ||     3
